 Dungeon Crawl Stone Soup version 0.30-b1-2-g02819fbbbe (webtiles) character file.

Game seed: 16340541831695804294

79 EnoxNightshade the Stinger (level 4, -12/31 HPs)
             Began as a Merfolk Venom Mage on Aug 15, 2023.
             Mangled by a sleepcap (20 damage)
             ... on level 3 of the Dungeon on Aug 16, 2023.
             The game lasted 00:32:20 (1561 turns).

EnoxNightshade the Stinger (Merfolk Venom Mage)     Turns: 1561, Time: 00:32:21

Health: -12/31     AC:  6    Str: 10    XL:     4   Next: 37%
Magic:  6/7        EV:  2    Int: 14    God:
Gold:   75         SH:  0    Dex: 14    Spells: 7/8 levels left

rFire   . . .        i - +0 spear
rCold   . . .        (no shield)
rNeg    . . .        j - +0 leather armour
rPois   +            q - +0 helmet
rElec   .            (no cloak)
rCorr   +            n - +0 pair of gloves
SInv    .            u - +0 pair of boots
Will    .....        (no amulet)
Stlth   ++           h - ring of resist corrosion
HPRegen 0.25/turn    t - ring of poison resistance
MPRegen 0.10/turn

%: no passive effects
@: sleeping
A: (nimble swimmer 2), mertail
a: no special abilities


You were on level 3 of the Dungeon.
You visited 1 branch of the dungeon, and saw 3 of its levels.

You collected 75 gold pieces.

Inventory:

Hand Weapons
 d - a +0 mace
 e - a +0 dagger
 i - a +0 spear (weapon)
 p - a +1 dagger of draining
Armour
 a - a +0 robe
 j - a +0 leather armour (worn)
 m - a +0 ring mail
 n - a +0 pair of gloves (worn)
 q - a +0 helmet (worn)
 u - a +0 pair of boots (worn)
Jewellery
 h - a ring of resist corrosion (left hand)
 k - an amulet of faith
 r - a ring of ice
 t - a ring of poison resistance (right hand)
Scrolls
 c - 2 scrolls of identify
 w - a scroll of immolation {unknown}
Potions
 b - a potion of magic
 f - a potion of resistance
 g - a potion of might
 l - a potion of haste
 o - a potion of attraction
 s - a potion of curing {unknown}
 v - a potion of lignification {unknown}


   Skills:
 + Level 0.9 Fighting
 + Level 1.9 Polearms
 + Level 0.1 Armour
 + Level 3.0 Dodging
 + Level 2.4 Stealth
 + Level 0.1 Unarmed Combat
 + Level 2.5 Spellcasting
 + Level 2.7 Transmutations
 + Level 3.7 Poison Magic


You had 7 spell levels left.
You knew the following spells:

 Your Spells              Type           Power      Damage    Failure   Level
a - Sting                 Tmut/Pois      40%        1d5       9%          1

Your spell library contained the following spells:

 Spells                   Type           Power      Damage    Failure   Level
 Poisonous Vapours        Pois/Air       14%        N/A       22%         2
 Magic Dart               Conj           4%         1d3       30%         1
 Searing Ray              Conj           2%         2d4       43%         2
 Mephitic Cloud           Conj/Pois/Air  5%         N/A       50%         3
 Olgreb's Toxic Radiance  Pois           12%        N/A       54%         4
 Fulminant Prism          Conj/Hex       0%         3d5       97%         4


Dungeon Overview and Level Annotations

Branches:
Dungeon (3/15)

Altars:
Ashenzari


Innate Abilities, Weirdness & Mutations

((You are very nimble when in or above water. (Stealth+, EV+, Speed+++)))
Your lower body shifts to a powerful aquatic tail in water.


Message History

The sleepcap releases spores at you!
You wake up.
Ouch! That really hurt!
You hit the sleepcap but do no damage.
The sleepcap is lightly damaged.
The sleepcap barely misses you.
You hit the sleepcap.
The sleepcap is lightly damaged.
The sleepcap releases spores at you but does no damage.
You hit the sleepcap.
The sleepcap is lightly damaged.
The sleepcap barely misses you.
You hit the sleepcap.
The sleepcap is lightly damaged.
The sleepcap barely misses you.
You completely miss the sleepcap.
The sleepcap is lightly damaged.
The sleepcap releases spores at you.
* * * LOW HITPOINT WARNING * * *
Aiming: Sting (safe; 9% risk of failure)
Press: ? - help, Q - select action Shift-Dir - straight line, f/p - sleepcap
Aim: a sleepcap (lightly damaged, 100% to hit)
The sting hits the sleepcap but does no damage.
The sleepcap is poisoned.
The sleepcap is lightly damaged.
The sleepcap barely misses you.
You hit the sleepcap.
The sleepcap is moderately damaged.
The sleepcap closely misses you.
You hit the sleepcap.
The sleepcap is moderately damaged.
The sleepcap releases spores at you but does no damage.
You hit the sleepcap but do no damage.
The sleepcap is moderately damaged.
The sleepcap releases spores at you.
* * * LOW HITPOINT WARNING * * *
You are engulfed in a cloud of soporific spores!
You fall asleep.
The sleepcap releases spores at you!!
Ouch! That really hurt!
You die...

##.## #.####
##...###.#..#
##.....##.#..#
##.......#.#..#
..(...........#
##.......#.##.#
##.....##.##.#
##...###.##.#######..#
##.## #.##...@f....#
#.# ...#########... ..
.#. ### . .


You could see a sleepcap (poisoned).

Vanquished Creatures
  Robin (D:2)
  An adder (D:2)
  2 dart slugs (D:2)
  A worm (D:2)
  3 ball pythons
  5 bats
  6 endoplasms
  A giant cockroach (D:2)
  13 goblins
  4 hobgoblins
  2 quokkas
  5 frilled lizards
  2 kobolds
  3 rats
49 creatures vanquished.

Notes
Turn   | Place    | Note
-------+----------+-------------------------------------------
     0 | D:1      | EnoxNightshade the Merfolk Venom Mage began the quest for
                  | the Orb.
     0 | D:1      | Reached XP level 1. HP: 13/13 MP: 3/3
   255 | D:1      | Reached XP level 2. HP: 8/19 MP: 3/5
   689 | D:2      | Reached XP level 3. HP: 24/24 MP: 4/6
   696 | D:2      | Reached skill level 1 in Polearms
   798 | D:2      | Found a broken altar of Ashenzari.
   882 | D:2      | Noticed Robin
   938 | D:2      | Killed Robin
   939 | D:2      | Reached XP level 4. HP: 14/31 MP: 2/7
  1561 | D:3      | Mangled by a sleepcap

Illustrated notes

Levels and vault maps discovered:
D:1:      lightli_molten_gateway, layout_basic
D:2:      layout_basic, basic_altar, minmay_misc_feat_alley,
          minmay_pentomino_u4, uniq_robin
D:3:      layout_loops_ring, hellmonk_ecumenical_altar_watching_god,
          serial_shops, nicolae_shop_advertising_works
          [nicolae_subvault_shop_adworks]

Skill      XL: |  1  2  3 |
---------------+----------+-----
Dodging        | 3 |  3.0
Transmutations | 2 |  2.7
Polearms       | 1 |  1.9
Fighting       | |  0.9
Armour         | |  0.1
Stealth        | |  2.4
Unarmed Combat | |  0.1
Spellcasting   | |  2.5
Poison Magic   | |  3.7

Action                     |  1- 3 |  4- 6 || total
---------------------------+-------+-------++-------
  Melee: Spear             |    76 |    34 ||   110
         Unarmed           |     4 |       ||     4
         Punch             |     1 |       ||     1
   Cast: Sting             |    28 |    12 ||    40
    Use: Scroll            |     7 |       ||     7
 Armour: Robe              |    11 |       ||    11
         Leather armour    |     7 |     4 ||    11
  Dodge: Dodged            |    54 |    20 ||    74
